 Dungeon Crawl Stone Soup version 0.31-a0-960-g0fca184906 (webtiles) character file.

Game seed: 17968047130954104135

10343 Armakuni the Thaumaturge (level 11, -4/64 (79) HPs)
             Began as a Human Wanderer on Oct 21, 2023.
             Was a Believer of Elyvilon.
             Slain by a wight
             ... wielding a +1 flail of protection
              (7 damage)
             ... on level 10 of the Dungeon on Oct 22, 2023.
             The game lasted 00:39:48 (12158 turns).

Armakuni the Thaumaturge (Human Wanderer)          Turns: 12158, Time: 00:39:49

HP:   -4/64 (79)    AC: 13    Str: 14    XL:     11   Next: 91%
MP:   28/28         EV: 12    Int: 16    God:    Elyvilon [**....]
Gold: 231           SH:  0    Dex: 12    Spells: 21/37 levels left

rFire   . . .        b - +4 short sword (venom)
rCold   . . .        (no shield)
rNeg    . . .        o - +1 acid dragon scales
rPois   +            (no helmet)
rElec   .            s - +0 cloak
rCorr   +            e - +0 pair of gloves
SInv    .            d - +2 pair of boots of Prudence {Will+}
Will    ++...        (no amulet)
Stlth   +            W - ring of willpower
HPRegen 0.30/turn    P - ring of poison resistance
MPRegen 0.21/turn

%: no passive effects
@: heavily drained
A: no striking features
a: Renounce Religion, Purification, Heal Other


You were on level 10 of the Dungeon.
You worshipped Elyvilon.
Elyvilon was pleased with you.
You visited 2 branches of the dungeon, and saw 11 of its levels.
You also visited: Bailey.

You collected 722 gold pieces.
You spent 491 gold pieces at shops.

Inventory:

Hand Weapons
 b - a +4 short sword of venom (weapon)
 g - a +0 whip
 v - a +0 sling
 E - a +0 quarterstaff
 I - a +1 war axe
Missiles
 f - 2 throwing nets
 l - 11 boomerangs
 J - a curare-tipped dart (quivered)
Armour
 d - the +2 pair of boots of Prudence (worn) {Will+}
   (You acquired it on level 8 of the Dungeon)

   Will+:     It increases your willpower.
 e - a +0 pair of gloves (worn)
 o - +1 acid dragon scales (worn)
 s - a +0 cloak (worn)
Jewellery
 t - a ring of willpower
 C - a ring of resist corrosion
 F - a ring of fire
 P - a ring of poison resistance (right hand)
 W - a ring of willpower (left hand)
Wands
 c - a wand of digging (6)
 h - a wand of polymorph (22)
Scrolls
 a - 2 scrolls of blinking
 p - a scroll of noise
 q - a scroll of amnesia {unknown}
 u - a scroll of revelation
 w - 3 scrolls of enchant armour
 x - a scroll of summoning
 z - 2 scrolls of fear
 B - 2 scrolls of silence
 D - 2 scrolls of identify
 G - 2 scrolls of teleportation
 H - a scroll of immolation
 X - 11 scrolls of enchant weapon
Potions
 i - a potion of might
 j - 3 potions of invisibility
 k - 2 potions of heal wounds
 m - 6 potions of curing
 n - 6 potions of haste
 r - a potion of cancellation
 y - 5 potions of mutation
 A - 2 potions of enlightenment


   Skills:
 - Level 5.0 Fighting
 - Level 5.0 Axes
 - Level 3.0 Armour
 - Level 3.0 Dodging
 + Level 13.9 Spellcasting
 - Level 12.0 Invocations
 - Level 5.0 Evocations


You had 21 spell levels left.
You knew the following spells:

 Your Spells              Type           Power      Damage    Failure   Level
a - Foxfire               Conj/Fire      44%        2x1d6     9%          1
b - Blink                 Tloc           22%        N/A       13%         2
d - Dimensional Bullseye  Hex/Tloc       5%         N/A       65%         4
e - Inner Flame           Hex/Fire       11%        N/A       26%         3
l - Lesser Beckoning      Tloc           22%        N/A       13%         2
m - Iskenderun's Mystic   Conj/Tloc      11%        2d4       65%         4

Your spell library contained the following spells:

 Spells                   Type           Power      Damage    Failure   Level
 Sandblast                Erth           22%        2d7       9%          1
 Shock                    Conj/Air       44%        1d5       9%          1
 Slow                     Hex            44%        N/A       9%          1
 Ensorcelled Hibernation  Hex/Ice        22%        N/A       13%         2
 Momentum Strike          Conj/Tloc      22%        3d8       13%         2
 Passwall                 Tmut/Erth      9%         N/A       13%         2
 Scorch                   Fire           22%        2d5       13%         2
 Static Discharge         Conj/Air       22%        3-4/arc   13%         2
 Swiftness                Air            11%        N/A       26%         3
 Tukima's Dance           Hex            11%        N/A       26%         3
 Volatile Blastmotes      Fire/Tloc      22%        2d11      26%         3
 Airstrike                Air            5%         2d(1-17)  65%         4
 Flame Wave               Conj/Fire      11%        2d6       65%         4
 Leda's Liquefaction      Hex/Erth       5%         N/A       65%         4
 Summon Lightning Spire   Summ/Air       11%        N/A       65%         4
 Yara's Violent Unravell  Hex/Tmut       5%         3d4       94%         5
 Simulacrum               Ice/Necr       5%         N/A       100%        6
 Summon Cactus Giant      Summ           5%         N/A       100%        6
 Enfeeble                 Hex            5%         N/A       100%        7
 Death's Door             Necr           5%         N/A       100%        9


Dungeon Overview and Level Annotations

Branches:
Dungeon (10/15)            Temple (1/1) D:4            Lair (0/5) D:8
    Orc (0/2) D:9          Bailey (visited)

Altars:
Ashenzari
Cheibriados
Dithmenos
Elyvilon
Fedhas
Gozag
Hepliaklqana
Kikubaaqudgha
Makhleb
Nemelex Xobeh
Okawaru
Sif Muna
Trog
Uskayaw
Vehumet
Wu Jian
Xom
Yredelemnul
Zin
The Shining One

Shops:
D:5 ([:?:   D:8 *

Annotations:
D:3 2 runed translucent doors, Rayvis's ghost, amateur MiFi
D:4 1 runed translucent door, Crazy Yiuf


Message History

The wight is moderately damaged.
The wight misses you. The wight closely misses you.
You hit the wight but do no damage.
The wight is moderately damaged.
The wight hits you with a +0 long sword.
* * * LOW HITPOINT WARNING * * *
You feel drained.
* * * LOW HITPOINT WARNING * * *
The wight hits you with a +1 flail of protection!
* * * LOW HITPOINT WARNING * * *
You feel drained.
* * * LOW HITPOINT WARNING * * *
You hit the wight but do no damage.
The wight is moderately damaged.
The wight misses you. The wight hits you but does no damage.
You hit the wight.
The wight is moderately damaged.
The wight barely misses you. The wight misses you.
You hit the wight but do no damage.
The wight is moderately damaged.
The wight hits you with a +0 long sword.
* * * LOW HITPOINT WARNING * * *
The wight closely misses you.
You hit the wight but do no damage.
The wight is moderately damaged.
The wight hits you but does no damage. The wight misses you.
You closely miss the wight.
The wight is moderately damaged.
The wight closely misses you. The wight barely misses you.
You hit the wight but do no damage.
The wight is moderately damaged.
The wight misses you. The wight barely misses you.
You closely miss the wight.
The wight is moderately damaged.
The wight hits you with a +0 long sword.
Elyvilon protects you from harm!
You feel drained.
* * * LOW HITPOINT WARNING * * *
The wight hits you with a +1 flail of protection!
You die...

# .. #.#+# #.#.#
#########
#####.#.###...)...#
#........)...z@#
#.###....##.##z#
..........#......
..####...##.......#
##.###......... #.#
##.....#### #.#
#.....# #.# #######
#.#


You could see 2 wights.

Vanquished Creatures
  Pikel (D:5)
  A cyclops (D:9)
  Maurice (D:8)
  Maggie (D:8)
  A gargoyle (D:8)
  Psyche (D:8)
  A troll (D:8)
  A hornet (D:6)
  Prince Ribbit (D:8)
  Sigmund (D:6)
  6 yaks
  Eustachio (D:6)
  Grum (D:8)
  Duvessa (D:5)
  11 orc warriors
  3 black bears
  2 ogres
  An ice beast (D:5)
  2 wolves
  2 centaurs
  3 phantoms
  2 kobold brigands
  2 bullfrogs
  4 scorpions
  3 wights
  Dowan (D:5)
  6 killer bees (D:9)
  An electric eel (D:8)
  7 howler monkeys
  3 jellies
  7 hounds
  5 orc priests
  5 iguanas
  2 sleepcaps
  9 orc wizards
  7 adders
  6 gnolls
  2 shadow imps
  A white imp (D:8)
  2 ufetubi (D:5)
  2 dart slugs (D:5)
  49 orcs
  4 endoplasms
  A giant cockroach (D:1)
  3 goblins (D:1)
  4 hobgoblins
  4 jackals
  9 kobolds
  4 quokkas
  4 ball pythons (D:2)
  3 bats
  4 rats
209 creatures vanquished.

Vanquished Creatures (collateral kills)
  An orc wizard (D:9)
  A gnoll (D:9)
  An orc (D:9)
3 creatures vanquished.

Vanquished Creatures (others)
  A wolf (D:8)
  2 wights (D:8)
  An electric eel (D:8)
  2 hounds (D:8)
  26 foxfires
32 creatures vanquished.

Grand Total: 244 creatures vanquished

Notes
Turn   | Place    | Note
-------+----------+-------------------------------------------
     0 | D:1      | Armakuni the Human Wanderer began the quest for the Orb.
     0 | D:1      | Armakuni set off with the following items: a +0 war axe, a
                  | wand of flame (6), a scroll of blinking, a +0 robe; and the
                  | following spell memorised: Foxfire; and the following
                  | spells available to memorise: Volatile Blastmotes.
     0 | D:1      | Reached XP level 1. HP: 13/13 MP: 3/3
    59 | D:1      | Reached skill level 1 in Fighting
   137 | D:1      | Reached XP level 2. HP: 21/21 MP: 5/5
   461 | D:1      | Reached XP level 3. HP: 25/28 MP: 6/6
  1313 | D:2      | Reached XP level 4. HP: 34/35 MP: 7/7
  1523 | D:3      | Found a large runed translucent door.
  1523 | D:3      | Found a large runed translucent door.
  1524 | D:3      | Noticed Rayvis's ghost (amateur MiFi)
  1555 | D:3      | Found a hide-covered altar of Uskayaw.
  2093 | D:3      | Found a faded altar of an unknown god.
  2093 | D:3      | Found a broken altar of Ashenzari.
  2101 | D:3      | Found a shadowy altar of Dithmenos.
  2103 | D:3      | Found a faded altar of an unknown god.
  2111 | D:3      | Found a hazy altar of Hepliaklqana.
  2228 | D:4      | Identified the "Por Kumm"
  2238 | D:4      | Found a staircase to the Ecumenical Temple.
  2250 | Temple   | Entered the Ecumenical Temple
  2283 | Temple   | Became a worshipper of Elyvilon the Healer
  2470 | D:4      | Found a runed translucent door.
  2471 | D:4      | Noticed Crazy Yiuf
  2556 | D:4      | Reached XP level 5. HP: 24/42 MP: 8/8
  3001 | D:5      | Identified the "Putaffae"
  3001 | D:5      | Entered Level 5 of the Dungeon
  3041 | D:5      | Found a shimmering blue altar of Sif Muna.
  3050 | D:5      | Reached skill level 5 in Fighting
  3053 | D:5      | Reached skill level 1 in Armour
  3053 | D:5      | Reached skill level 1 in Dodging
  3053 | D:5      | Reached XP level 6. HP: 41/51 MP: 9/9
  3112 | D:5      | Found a snail-covered altar of Cheibriados.
  3119 | D:5      | Found Qihexip's Armour Emporium.
  3126 | D:5      | Bought a +0 leather armour of willpower for 90 gold pieces
  3150 | D:5      | Found Pezaecs's Weapon Boutique.
  3209 | D:5      | Learned a level 2 spell: Blink
  3212 | D:5      | Learned a level 2 spell: Lesser Beckoning
  3256 | D:5      | Noticed Pikel
  3356 | D:5      | Found Ysivemiq's Magic Scroll Shop.
  3444 | D:4      | Reached XP level 7. HP: 48/56 MP: 10/10
  3478 | D:5      | Bought a scroll of immolation for 52 gold pieces
  3478 | D:5      | Bought a scroll of noise for 13 gold pieces
  3487 | D:5      | Found Vutur's Book Shop.
  3559 | D:5      | Reached * piety under Elyvilon
  3595 | D:5      | Found Noick's Book Boutique.
  3677 | D:5      | Killed Pikel
  3678 | D:5      | Reached skill level 5 in Evocations
  3678 | D:5      | Reached XP level 8. HP: 62/62 MP: 11/11
  3978 | D:5      | Reached skill level 5 in Invocations
  4353 | D:5      | Noticed Duvessa
  4357 | D:5      | Killed Duvessa
  4358 | D:5      | Reached XP level 9. HP: 43/68 MP: 14/14
  4358 | D:5      | Noticed Dowan
  4361 | D:5      | Killed Dowan
  4814 | D:6      | You fall into a shaft and drop 2 floors!
  4861 | D:8      | Noticed Maggie
  4954 | D:8      | Killed Maggie
  5005 | D:8      | Noticed Maurice
  5020 | D:8      | Something stole a +1 war axe
  5031 | D:8      | Killed Maurice
  5033 | D:8      | Noticed a troll
  5034 | D:8      | Noticed a gargoyle
  5067 | D:9      | Reached skill level 10 in Invocations
  5352 | D:9      | Noticed a cyclops
  5383 | D:9      | Killed a cyclops
  5384 | D:9      | Reached XP level 10. HP: 51/74 MP: 18/18
  5558 | D:8      | Identified 2 scrolls of acquirement
  5558 | D:8      | Acquired the +2 pair of boots of Prudence {Will+}
  5574 | D:8      | Acquired a manual of Spellcasting
  5729 | D:7      | Found a flagged portal.
  5815 | D:7      | Reached skill level 3 in Spellcasting
  5888 | Bailey   | Entered a bailey
  6060 | Bailey   | Reached skill level 4 in Spellcasting
  6068 | Bailey   | Reached ** piety under Elyvilon
  6291 | Bailey   | Reached skill level 5 in Spellcasting
  6640 | Bailey   | Reached skill level 6 in Spellcasting
  6691 | Bailey   | Noticed an orc knight
  6937 | D:7      | Reached skill level 7 in Spellcasting
  7077 | D:6      | Found an opulent altar of Gozag.
  7079 | D:6      | Found an ornate altar of the Wu Jian Council.
  7134 | D:6      | Reached skill level 8 in Spellcasting
  7363 | D:6      | Noticed Sigmund
  7367 | D:6      | Noticed Eustachio
  7372 | D:6      | Killed Sigmund
  7407 | D:6      | Killed Eustachio
  7408 | D:6      | Reached skill level 9 in Spellcasting
  7828 | D:6      | Found a basalt altar of Yredelemnul.
  8383 | D:8      | Reached skill level 10 in Spellcasting
  8390 | D:8      | Reached *** piety under Elyvilon
  8502 | D:8      | Reached XP level 11. HP: 79/79 MP: 22/25
  8651 | D:8      | Found a staircase to the Lair.
  8770 | D:8      | Noticed Grum
  8783 | D:8      | Reached skill level 11 in Spellcasting
  8959 | D:8      | Noticed Prince Ribbit
  8992 | D:8      | Killed Prince Ribbit
  9307 | D:8      | Noticed Psyche
  9320 | D:8      | Killed Psyche
  9321 | D:8      | Reached skill level 12 in Spellcasting
  9431 | D:8      | Killed Grum
  9589 | D:8      | Found Eruryeji's General Store.
  9597 | D:8      | Bought a book of Weapons for 336 gold pieces
  9611 | D:8      | Learned a level 4 spell: Iskenderun's Mystic Blast
  9611 | D:8      | Upgraded the game from 0.31-a0-948-gf5be29c462 to
                  | 0.31-a0-960-g0fca184906
  9616 | D:8      | Learned a level 4 spell: Dimensional Bullseye
  9620 | D:8      | Learned a level 3 spell: Inner Flame
 10377 | D:9      | Noticed a two-headed ogre
 10396 | D:9      | Pacified a two-headed ogre
 10397 | D:9      | Reached skill level 13 in Spellcasting
 10709 | D:9      | Found a staircase to the Orcish Mines.
 11146 | D:10     | Entered Level 10 of the Dungeon
 12158 | D:10     | Elyvilon protects you from harm!
 12158 | D:10     | HP: 3/64 [wight/+0 long sword (2)]
 12158 | D:10     | Slain by a wight

Illustrated notes

Levels and vault maps discovered:
D:1:      dpeg_arrival_simpleton_b, layout_basic
D:2:      layout_loops_ring
D:3:      layout_basic, nicolae_overflow_crystal_walls,
          chequers_temple_overflow_minitemple, ebering_ghost_disaster_area
D:4:      layout_basic, minmay_temple_entry_sparse_star, eino_curves_01,
          uniq_crazy_yiuf_cottage
D:5:      minmay_razor_zed, layout_gridville, kennysheep_slug_shrine,
          led_sif_book, serial_shops, nicolae_shop_tiny_waterfront, shop,
          nicolae_shop_real_fake_doors, shop, shop, uniq_duvessa, uniq_pikel
D:6:      layout_loops_ring, nicolae_overflow_hidden_temple,
          lemuel_coloured_pillars_altar, uniq_eustachio, uniq_sigmund
D:7:      layout_rooms, enter_bailey_2
D:8:      wad_lake_hut, layout_basic, erik_lair_island, serial_shops, shop,
          uniq_psyche, uniq_prince_ribbit1, uniq_grum, uniq_maggie, uniq_maurice
D:9:      layout_roguey, erik_orc_3
D:10:     layout_loops_corners
Temple:   minmay_temple_curvy_loop

Skill      XL: |  1  2  3  4  5  6  7  8  9 10 11 |
---------------+----------------------------------+-----
Fighting       | 1 2 3 4 5 |  5.0
Armour         | 1 2 3 |  3.0
Dodging        | 1 2 3 |  3.0
Evocations     | 5 |  5.0
Invocations    | 3 7 11 12 | 12.0
Spellcasting   | 10 13 | 13.9
Axes           | |  5.0

Action                     |  1- 3 |  4- 6 |  7- 9 | 10-12 || total
---------------------------+-------+-------+-------+-------++-------
  Melee: War axe           |    71 |   115 |   112 |    16 ||   314
         Punch             |     2 |     1 |     1 |     8 ||    12
         Short sword       |       |       |    72 |   567 ||   639
  Throw: Dart              |       |       |       |    22 ||    22
         Throwing net      |       |       |       |     9 ||     9
   Cast: Foxfire           |       |       |    15 |     3 ||    18
 Invoke: Purification      |       |       |     1 |     1 ||     2
         Heal Other        |       |       |       |    19 ||    19
  Evoke: Wand              |       |    15 |    12 |    12 ||    39
    Use: Scroll            |     3 |     3 |     3 |    11 ||    20
         Potion            |       |     2 |       |     5 ||     7
   Stab: Sleeping          |     1 |       |       |       ||     1
         Invisible         |       |       |       |     3 ||     3
 Armour: Robe              |    28 |       |       |       ||    28
         Leather armour    |    12 |    34 |    87 |       ||   133
         Ring mail         |     4 |    80 |       |       ||    84
         Acid dragon scale |       |       |    37 |   523 ||   560
         Skin              |       |       |       |    14 ||    14
  Dodge: Dodged            |    49 |    98 |   111 |   449 ||   707

Table legend: (Time is in decaauts)
 A = Elapsed time spent in this place.
 B = Non-inter-level travel time spent in this place.
 C = Inter-level travel time spent in this place.
 D = Time resting spent in this place.
 E = Time spent auto-exploring this place.
 F = Levels seen in this place.
 G = Mean time per level.
                   A        B        C        D        E       F      G
               +--------+--------+--------+--------+--------+-----+--------+
         Total |  12290 |  11814 |    476 |   2929 |   5199 |  12 | 1024.2 |
       Dungeon |  11317 |  10905 |    412 |   2430 |   5140 |  10 | 1131.7 |
        Temple |     91 |     27 |     64 |     20 |      0 |   1 |   91.0 |
        Bailey |    881 |    881 |      0 |    479 |     59 |   1 |  881.0 |
               +--------+--------+--------+--------+--------+-----+--------+

Top non-repeatable levels by time:
     D:8: 2580 daAuts
     D:5: 1629 daAuts
     D:9: 1413 daAuts
     D:6: 1145 daAuts
  Bailey: 881 daAuts
     D:3: 875 daAuts
     D:4: 863 daAuts
     D:7: 853 daAuts
     D:2: 702 daAuts
     D:1: 679 daAuts
    D:10: 575 daAuts
  Temple: 91 daAuts
